 Dungeon Crawl Stone Soup version 0.25.1-2-g60ff931df9 (webtiles) character file.

Game seed: 17737994581696973202

751 MajorAdolf the Covert (level 7, -4/57 HPs)
             Began as a Naga Wanderer on Oct 9, 2020.
             Slain by an orc warrior
             ... wielding a cursed -2 flail
              (5 damage)
             ... on level 4 of the Dungeon.
             The game lasted 00:13:50 (9098 turns).

MajorAdolf the Covert (Naga Wanderer)               Turns: 9098, Time: 00:13:50

Health: -4/57      AC:  7    Str: 16    XL:     7   Next: 78%
Magic:  7/7        EV:  9    Int: 16    God:
Gold:   115        SH:  0    Dex:  7    Spells: 6/6 levels left

rFire    . . .     SeeInvis +   m - +2 flail (pain)
rCold    . . .     Gourm    .   (no shield)
rNeg     . . .     Faith    .   c - +0 robe
rPois    +         Spirit   .   r - +0 helmet
rElec    .         Reflect  .   n - +1 cloak
rCorr    .         Harm     .   u - +0 pair of gloves
MR       .....                  (no barding)
Stlth    ++++......             (no amulet)
HPRegen  0.19/turn              (no ring)
MPRegen  0.10/turn              (no ring)

@: very slow
A: large, see invisible, deformed body, poison resistance, slowness 2, slow
metabolism 1, spit poison 1, AC +2
a: Spit Poison


You were on level 4 of the Dungeon.
You were not hungry.

You visited 1 branch of the dungeon, and saw 7 of its levels.

You collected 115 gold pieces.

Inventory:

Hand Weapons
 g - a +0 dagger
 h - a +0 spear
 i - a +0 short sword
 m - a +2 flail of pain (weapon)
 t - a +0 hand axe
Armour
 c - a +0 robe (worn)
 n - a +1 cloak (worn)
 r - a +0 helmet (worn)
 u - a +0 pair of gloves (worn)
Jewellery
 l - an uncursed ring of poison resistance {unknown}
Wands
 v - a wand of flame (8)
Scrolls
 e - a scroll of blinking
 j - a scroll of remove curse
 k - 2 scrolls of fear
 o - a scroll of immolation
 p - 2 scrolls of identify
 s - 2 scrolls of teleportation
 w - a scroll of magic mapping {unknown}
 y - a scroll of random uselessness {unknown}
Potions
 a - 4 potions of curing
 b - a potion of berserk rage
 d - a potion of lignification
 q - a potion of flight
 x - a potion of stabbing {unknown}
Comestibles
 f - 10 rations


   Skills:
 - Level 1.0 Fighting
 + Level 4.5(4.6) Axes
 - Level 1.0(3.0) Maces & Flails
 - Level 2.4 Armour
 + Level 10.4 Stealth
   Level 1.0 Shields
 - Level 3.0 Unarmed Combat
 - Level 1.0 Evocations


You had 6 spell levels left.
You didn't know any spells.
Your spell library contained the following spells:

 Spells                   Type           Power        Failure   Level  Hunger
 Confusing Touch          Hex            #.......     58%         3    ####...
 Gell's Gravitas          Tloc           #.........   58%         3    ####...
 Petrify                  Tmut/Erth      #.......     94%         4    #####..
 Metabolic Englaciation   Hex/Ice        #.........   100%        5    ######.
 Yara's Violent Unravell  Hex/Tmut       #.........   100%        5    ######.


Dungeon Overview and Level Annotations

Branches:
Dungeon (7/15)
 Temple: D:4-7

Altars:
Ashenzari
Cheibriados
Nemelex Xobeh
Okawaru
Ru
Vehumet
The Shining One
Beogh

Annotations:
D:3 3 runed translucent doors, Pulso's ghost, amateur DrAs
D:4 3 runed translucent doors, sixsigma's ghost, novice GnWz
D:5 exclusions: 2 ogres and orc, Eustachio
D:6 exclusions: sky beast and 2 yaks


Innate Abilities, Weirdness & Mutations

You cannot wear boots.
Your serpentine skin is tough. (AC +2)
You have supernaturally acute eyesight. (SInv)
Armour fits poorly on your strangely shaped body.
Your system is resistant to poisons. (rPois)
You cover ground very slowly.
You have a slow metabolism.
You can spit poison.


Message History

Press: ? - help, v - describe, . - travel
Here: an orc warrior, wielding a -2 flail and wearing a +0 plate armour The floor.
Evoke which item? (* to show all) (? for menu, Esc to quit)
Okay, then.
Press: ? - help, Shift-Dir - straight line, f - orc warrior
Aim: an orc warrior, wielding a -2 flail and wearing a +0 plate armour The splash of poison misses the orc warrior.
You feel slightly more hungry.
Unknown command.
You closely miss the orc warrior. The orc warrior closely misses you.
You closely miss the orc warrior.
You have got your breath back.
The orc warrior hits you with a cursed -2 flail!
You barely miss the orc warrior.
The orc warrior hits you with a cursed -2 flail!
The orc warrior hits you with a cursed -2 flail!!
* * * LOW HITPOINT WARNING * * *
The orc warrior hits you with a cursed -2 flail.
You die...

#(..<......#
#...........######.#
#..........#
#...........##.....#
#........###
#...........##.#####
#........#
#......#######.# #
#........###
#......##### #.# #
...........#
#..........# #.# #
...........#
#..........# #.#####
...........#
#..........# #......
...........#
###@.......# #######
...........#
#.o......#
############
#>[......## #
#.........# #
#####.....# #######
#.....# .......
#.....# .......
#.....# .......
#o....#


You could see an orc warrior.

Vanquished Creatures
  An ogre (D:4)
  A bullfrog (D:7)
  A scorpion (D:3)
  A crimson imp (D:5)
  4 orc priests
  A centaur skeleton (D:4)
  2 hounds (D:4)
  2 orc wizards
  An iguana (D:4)
  A worker ant (D:4)
  A worker ant zombie (D:5)
  Robin (D:2)
  4 adders
  A shadow imp (D:5)
  2 worms
  A dart slug (D:1)
  2 leopard geckos
  18 orcs
  12 bats
  5 giant cockroaches
  16 goblins
  13 hobgoblins
  8 jackals
  10 kobolds
  4 quokkas
  2 ball pythons (D:1)
  3 frilled lizards
  6 rats
124 creatures vanquished.

Notes
Turn   | Place    | Note
-------+----------+-------------------------------------------
     0 | D:1      | MajorAdolf the Naga Wanderer began the quest for the Orb.
     0 | D:1      | MajorAdolf set off with the following items: a +0 club, a
                  | potion of berserk rage, a +0 ring mail, a potion of
                  | lignification, a scroll of blinking, a ration
     0 | D:1      | Reached XP level 1. HP: 18/18 MP: 1/1
   115 | D:1      | Reached skill level 1 in Stealth
   236 | D:1      | Reached skill level 2 in Stealth
   299 | D:1      | Reached XP level 2. HP: 2/25 MP: 2/2
   299 | D:1      | HP: 1/25 [bat (1)]
   623 | D:1      | Reached skill level 3 in Stealth
  1340 | D:1      | Reached skill level 4 in Stealth
  1404 | D:1      | Reached XP level 3. HP: 29/31 MP: 3/3
  1729 | D:1      | Reached skill level 5 in Stealth
  2382 | D:1      | Reached XP level 4. HP: 36/38 MP: 4/4
  2437 | D:2      | Noticed Robin
  2536 | D:1      | Reached skill level 6 in Stealth
  2812 | D:2      | Killed Robin
  3252 | D:2      | Reached skill level 7 in Stealth
  3435 | D:2      | Found an iron altar of Okawaru.
  3463 | D:2      | Reached XP level 5. HP: 7/44 MP: 5/5
  5034 | D:3      | Reached skill level 1 in Axes
  5070 | D:3      | Found a runed translucent gate.
  5070 | D:3      | Found a runed translucent gate.
  5079 | D:3      | Found a runed translucent gate.
  5140 | D:3      | Noticed Pulso's ghost (amateur DrAs)
  5549 | D:3      | Reached skill level 8 in Stealth
  6157 | D:3      | Reached XP level 6. HP: 27/51 MP: 6/6
  7082 | D:4      | Reached skill level 9 in Stealth
  7165 | D:4      | Reached XP level 7. HP: 57/57 MP: 7/7
  7198 | D:4      | Found a runed translucent gate.
  7198 | D:4      | Found a runed translucent gate.
  7198 | D:4      | Found a runed translucent gate.
  7214 | D:4      | Noticed sixsigma's ghost (novice GnWz)
  7218 | D:4      | Found a roughly hewn altar of Beogh.
  7545 | D:4      | Found a sparkling altar of Nemelex Xobeh.
  7545 | D:4      | Found a snail-covered altar of Cheibriados.
  7545 | D:4      | Found a glowing golden altar of the Shining One.
  7545 | D:4      | Found a radiant altar of Vehumet.
  7551 | D:4      | Found a sacrificial altar of Ru.
  7551 | D:4      | Found a shattered altar of Ashenzari.
  7600 | D:5      | Entered Level 5 of the Dungeon
  8062 | D:5      | Reached skill level 10 in Stealth
  8531 | D:5      | Noticed Eustachio
  8575 | D:5      | You fall into a shaft and drop 2 floors!
  8814 | D:6      | Noticed a yak
  8814 | D:6      | Noticed a yak
  9097 | D:4      | HP: 1/57 [orc warrior/cursed -2 flail (23)]
  9098 | D:4      | Slain by an orc warrior

Illustrated notes

Levels and vault maps discovered:
D:1:      tarquinn_simple_flora_water_a, layout_loops_cross
D:2:      layout_loops_cross, ebering_dispersal_statue_hall,
          grunt_decor_mini_mirrors, okawaru_gym_becter, uniq_robin
D:3:      layout_basic, gammafunk_ghost_necromancy
D:4:      layout_basic, minmay_overflow_temple_hex, biasface_ghost_orc_armoury
D:5:      layout_loops_ring, first_ration, minmay_ogre_servants, uniq_eustachio
D:6:      layout_loops_corners, serial_shops, shop
D:7:      layout_basic, minmay_temple_entry_hall, ebering_ghost_reflecting_pool,
          minmay_manual_macuahuitl

Skill      XL: |  1  2  3  4  5  6  7 |
---------------+----------------------+-----
Stealth        | 2 4 5 7 8 9 10 | 10.4
Axes           | 2 3 4 |  4.5
Fighting       | |  1.0
Maces & Flails | |  1.0
Armour         | |  2.4
Shields        | |  1.0
Unarmed Combat | |  3.0
Evocations     | |  1.0

Action                   |  1- 3 |  4- 6 |  7- 9 || total
-------------------------+-------+-------+-------++-------
Melee: Dagger            |    39 |       |       ||    39
       Unarmed           |     3 |       |       ||     3
       Spear             |   128 |   158 |       ||   286
       Punch             |       |     2 |     2 ||     4
       Hand axe          |       |   150 |       ||   150
       Flail             |       |    33 |   123 ||   156
 Abil: Spit Poison       |    31 |    26 |     4 ||    61
Evoke: Wand              |       |     3 |       ||     3
  Use: Scroll            |       |     8 |       ||     8
       Potion            |       |     1 |       ||     1
 Stab: Sleeping          |       |     1 |     3 ||     4
  Eat: Chunk             |     5 |    13 |     5 ||    23
Armor: Robe              |    32 |    86 |    55 ||   173
       Plate armour      |   122 |   153 |       ||   275
       Skin              |       |    20 |       ||    20
       Scale mail        |       |     9 |       ||     9
Dodge: Dodged            |    54 |   152 |    70 ||   276
